 Dungeon Crawl Stone Soup version 0.18-a0-486-gab6c0bd (webtiles) character file.

89 M4edhros the Charlatan (level 4, 0/28 HPs)
             Began as an Octopode Artificer on Dec 2, 2015.
             Succumbed to an adder's poison
             ... on level 3 of the Dungeon.
             The game lasted 00:02:15 (2028 turns).

M4edhros the Charlatan (Octopode Artificer)         Turns: 2028, Time: 00:02:15

Health: 0/28       AC:  1    Str: 10    XL:     4   Next: 55%
Magic:  4/7        EV: 12    Int: 20    God:    Xom [..*...]
Gold:   90         SH:  0    Dex: 12    Spells: 0 memorised, 3 levels left

rFire  + . .     SeeInvis .     a - +0 short sword
rCold  + . .     Clarity  .     (no shield)
rNeg   . . .     SustAt   .     (helmet restricted)
rPois  +         Gourm    .     t - amulet of guardian spirit
rElec  +         Spirit   +     (no ring)
rCorr  +         Dismiss  .     (no ring)
rMut   .         Stasis   .     (no ring)
MR     .....                    (no ring)
Stlth  ++++......               (no ring)
                                (no ring)
                                (no ring)
                                (no ring)

@: brilliant, lethally poisoned (0 -> -2), resistant, very slightly
contaminated, hasted (expiring), very quick, not resistant to hostile
enchantments, stealthy
A: almost no armour, amphibious, 8 rings, constrict 8, camouflage 1, gelatinous
body 1
a: Renounce Religion


You were on level 3 of the Dungeon.
You worshipped Xom.
You were a toy of Xom.
You were very hungry.

You visited 1 branch of the dungeon, and saw 3 of its levels.

You collected 90 gold pieces.

Inventory:

Hand Weapons
 a - a +0 short sword (weapon)
Missiles
 g - 102 stones (quivered)
Jewellery
 t - an amulet of guardian spirit (around mantle)
Wands
 b - a wand of flame (12)
 c - a wand of enslavement (14)
 d - a wand of random effects (13)
Scrolls
 f - 2 scrolls of random uselessness {unknown}
 i - 4 scrolls of remove curse {unknown}
 j - 2 scrolls of identify {unknown}
 k - 3 scrolls of teleportation {unknown}
 m - a scroll of blinking {unknown}
 p - a scroll of noise {unknown}
 r - a scroll of immolation {unknown}
 s - a scroll of enchant weapon {unknown}
 u - a scroll of enchant armour {unknown}
Comestibles
 e - 4 bread rations
 o - a beef jerky


   Skills:
 - Level 1.0 Fighting
 - Level 1.0 Short Blades
 - Level 2.0 Dodging
 + Level 4.3 Stealth
 + Level 4.6 Evocations


You had 3 spell levels left.
You didn't know any spells.

Dungeon Overview and Level Annotations

Branches:
Dungeon (3/15)

Altars:
Xom


Innate Abilities, Weirdness & Mutations

You cannot wear most types of armour.
You are amphibious.
You can wear up to eight rings at the same time.
You can use your tentacles to constrict eight enemies at once.
Your skin changes colour to match your surroundings (Stealth).
Your rubbery body absorbs attacks (AC +1).


Message History

You start resting.
* * * LOW HITPOINT WARNING * * *
You feel sick.
You start resting.
* * * LOW HITPOINT WARNING * * *
You feel sick.
You start resting.
Your transformation is almost over.
You start resting.
* * * LOW HITPOINT WARNING * * *
You feel sick.
You start resting.
Your extra speed is starting to run out.
You start resting.
* * * LOW HITPOINT WARNING * * *
You feel sick.
You start resting.
You feel less woody.
You die...
Xom howls with laughter!

#......# #.#
#......#######.#
#..............#
######).............########
+........#........#.........
#...........###########
#.####.####..........
#g##.....##..########
#.#...@...#.##
#.#.......#.###
#.####....._.......#
#......#.......#.#.#
######.#.......#...#.#
#.##.....##...#.###
#.####.####...#...#
#g..............#.#
######.##.#.#.#.#)#


There were no monsters in sight!

Vanquished Creatures
  An adder (D:3)
  2 gnolls (D:3)
  2 worms
  An orc (D:3)
  A ball python (D:1)
  5 bats
  A giant cockroach (D:1)
  3 goblins
  5 hobgoblins
  4 kobolds (D:1)
  A quokka (D:2)
  6 rats
32 creatures vanquished.

Vanquished Creatures (collateral kills)
  A gnoll (D:3)
  2 orcs (D:3)
  A rat (D:3)
4 creatures vanquished.

Vanquished Creatures (others)
  An orc priest (D:3)
1 creature vanquished.

Grand Total: 37 creatures vanquished

Notes
Turn   | Place    | Note
--------------------------------------------------------------
     0 | D:1      | M4edhros the Octopode Artificer began the quest for the Orb.
     0 | D:1      | Reached XP level 1. HP: 13/13 MP: 3/3
   305 | D:1      | Reached XP level 2. HP: 4/18 MP: 4/4
  1183 | D:2      | Reached XP level 3. HP: 21/23 MP: 5/5
  1198 | D:2      | Reached skill level 4 in Evocations
  1523 | D:3      | Found a shimmering altar of Xom.
  1598 | D:3      | Reached XP level 4. HP: 3/28 MP: 3/7
  1982 | D:3      | Became a worshipper of Xom of Chaos
  2016 | D:3      | HP: 2/42 [poisoned by an adder]
  2022 | D:3      | HP: 2/42 [poisoned by an adder]
  2028 | D:3      | Succumbed to an adder's poison

Vault maps used:
D:1:      dpeg_arrival_chase, minmay_misc_feat_alley
D:2:      st_stairs_12
D:3:      old_standard_altar, first_bread, minivault_5, uniq_sigmund

Action                   |  1- 3 |  4- 6 || total
-------------------------+-------+-------++-------
Melee: Short sword       |    60 |     6 ||    66
Evoke: Wand              |     4 |     2 ||     6
  Use: Potion            |       |     4 ||     4
 Stab: Sleeping          |    12 |       ||    12
  Eat: Chunk             |     2 |       ||     2
